[ AOE2 MATCH · #485527892 ]
UnrankedVietnamese vs Ethiopians
Player's team · LOSS
[ REPLAY ANALYSIS · EXTRACTED FROM THE RECORDED GAME ]
Feudal
—
Castle
—
Imperial
—
| APM avg | 91.9 |
| APM peak | 135 |
| eAPM avg | 55.3 |
| Villagers / military | 190 / 118 |
Focus
⚔️ 64.1% · 🌾 35.9%
Skirmisher ×92 · Bombard Cannon ×7 · Militia ×6 · Mangonel ×6 · Monk ×3 · Archer ×3
Feudal
9:40
Castle
20:16
Imperial
36:48
| APM avg | 59.5 |
| APM peak | 108 |
| eAPM avg | 29.2 |
| Villagers / military | 173 / 113 |
Focus
⚔️ 39.7% · 🌾 60.3%
Archer ×36 · Shotel Warrior ×32 · Mangonel ×14 · Bombard Cannon ×14 · Battering Ram ×7 · Trebuchet (Packed) ×5
Match map
Initial resources + every placement click. Lines = walls · curves = elevation contours. ◆ gold · ⬟ stone · ● berries · ✦ relic · ◌ wall gap
Your base· ✓ Closed at 19:54 · 51t walls · no gate
FNUL's base· ✓ Closed at 20:16 · 51t walls · no gate
Smoothed initial terrain · ◌ = detected wall gap · hover for details
Inputs per minute
— Saturno 1343 - - FNUL
Build order — Saturno 1343
First 150 of 503 actions detected
| 0:00 | Queue | Villager (Male) |
| 0:01 | Queue | Villager (Male) |
| 0:02 | Build | House |
| 0:02 | Build | House |
| 0:10 | Queue | Villager (Male) |
| 0:10 | Queue | Villager (Male) |
| 0:11 | Queue | Villager (Male) |
| 1:11 | Queue | Villager (Male) |
| 1:11 | Queue | Villager (Male) |
| 1:44 | Queue | Villager (Male) |
| 1:45 | Queue | Villager (Male) |
| 1:56 | Build | Lumber Camp |
| 2:18 | Queue | Villager (Male) |
| 3:01 | Queue | Villager (Male) |
| 3:01 | Queue | Villager (Male) |
| 3:23 | Queue | Villager (Male) |
| 3:37 | Queue | Villager (Male) |
| 3:37 | Queue | Villager (Male) |
| 3:57 | Build | House |
| 4:11 | Queue | Villager (Male) |
| 4:11 | Queue | Villager (Male) |
| 4:12 | Queue | Villager (Male) |
| 4:52 | Queue | Villager (Male) |
| 4:54 | Queue | Villager (Male) |
| 4:56 | Queue | Villager (Male) |
| 5:10 | Queue | Villager (Male) |
| 5:29 | Queue | Villager (Male) |
| 5:44 | Build | Barracks |
| 5:49 | Queue | Villager (Male) |
| 5:49 | Queue | Villager (Male) |
| 6:14 | Build | House |
| 6:19 | Queue | Villager (Male) |
| 6:28 | Research | Loom |
| 7:08 | Research | Feudal Age |
| 7:14 | Build | Mining Camp |
| 7:47 | Queue | Militia |
| 7:47 | Queue | Militia |
| 7:49 | Queue | Militia |
| 7:50 | Queue | Militia |
| 7:50 | Queue | Militia |
| 8:16 | Queue | Militia |
| 8:27 | Queue | Villager (Male) |
| 8:28 | Build | Palisade Wall |
| 8:32 | Build | Palisade Wall |
| 8:38 | Build | Palisade Wall |
| 8:40 | Build | Palisade Wall |
| 8:40 | Build | Palisade Wall |
| 8:41 | Build | Palisade Wall |
| 8:41 | Build | Palisade Wall |
| 8:43 | Build | Palisade Wall |
| 8:45 | Build | Palisade Wall |
| 8:46 | Build | Palisade Wall |
| 8:48 | Queue | Villager (Male) |
| 8:50 | Build | Palisade Wall |
| 9:06 | Build | House |
| 9:23 | Research | Man-at-Arms (upgrade) |
| 9:23 | Research | Man-at-Arms (upgrade) |
| 9:25 | Queue | Villager (Male) |
| 9:30 | Build | Mill |
| 9:39 | Build | House |
| 9:40 | Build | Palisade Wall |
| 10:49 | Build | Farm |
| 10:50 | Build | Farm |
| 11:04 | Build | Archery Range |
| 11:04 | Queue | Villager (Male) |
| 11:05 | Build | House |
| 11:07 | Build | Palisade Wall |
| 11:20 | Build | House |
| 11:20 | Build | Palisade Wall |
| 11:39 | Build | Palisade Wall |
| 11:44 | Queue | Villager (Male) |
| 11:53 | Build | Farm |
| 11:59 | Build | House |
| 12:01 | Build | Palisade Wall |
| 12:07 | Queue | Villager (Male) |
| 12:12 | Queue | Archer |
| 12:12 | Queue | Archer |
| 12:16 | Build | Farm |
| 12:20 | Queue | Skirmisher |
| 12:20 | Queue | Skirmisher |
| 12:25 | Build | House |
| 12:26 | Build | Palisade Wall |
| 12:42 | Queue | Skirmisher |
| 12:50 | Queue | Villager (Male) |
| 12:50 | Queue | Villager (Male) |
| 13:10 | Queue | Skirmisher |
| 13:11 | Queue | Skirmisher |
| 13:15 | Build | Farm |
| 13:17 | Build | Farm |
| 13:18 | Build | Farm |
| 13:18 | Queue | Villager (Male) |
| 13:44 | Build | House |
| 13:46 | Build | Palisade Wall |
| 13:46 | Queue | Skirmisher |
| 13:51 | Build | Palisade Wall |
| 13:53 | Queue | Skirmisher |
| 13:55 | Queue | Skirmisher |
| 14:06 | Queue | Villager (Male) |
| 14:07 | Queue | Villager (Male) |
| 14:13 | Build | Palisade Wall |
| 14:17 | Build | Palisade Wall |
| 14:20 | Queue | Villager (Male) |
| 14:23 | Queue | Skirmisher |
| 14:24 | Build | Palisade Wall |
| 14:32 | Build | Farm |
| 14:36 | Build | Farm |
| 14:41 | Queue | Skirmisher |
| 14:46 | Queue | Villager (Male) |
| 14:53 | Build | Farm |
| 15:03 | Build | Farm |
| 15:05 | Queue | Villager (Male) |
| 15:05 | Queue | Villager (Male) |
| 15:10 | Build | Palisade Wall |
| 15:19 | Queue | Villager (Male) |
| 15:25 | Queue | Villager (Male) |
| 15:26 | Build | Farm |
| 15:28 | Queue | Villager (Male) |
| 15:35 | Build | House |
| 15:36 | Queue | Villager (Male) |
| 15:48 | Queue | Villager (Male) |
| 15:49 | Queue | Villager (Male) |
| 15:53 | Build | Farm |
| 15:59 | Queue | Villager (Male) |
| 16:04 | Queue | Villager (Male) |
| 16:09 | Research | Double-Bit Axe |
| 16:13 | Queue | Villager (Male) |
| 16:13 | Queue | Villager (Male) |
| 16:16 | Queue | Villager (Male) |
| 16:18 | Build | Farm |
| 16:23 | Queue | Skirmisher |
| 16:33 | Queue | Skirmisher |
| 16:37 | Queue | Villager (Male) |
| 16:48 | Build | Farm |
| 16:48 | Queue | Villager (Male) |
| 16:55 | Queue | Villager (Male) |
| 17:04 | Build | Farm |
| 17:05 | Queue | Villager (Male) |
| 17:11 | Queue | Skirmisher |
| 17:16 | Queue | Villager (Male) |
| 17:18 | Queue | Villager (Male) |
| 17:37 | Queue | Skirmisher |
| 17:46 | Queue | Skirmisher |
| 17:50 | Build | House |
| 17:50 | Queue | Villager (Male) |
| 17:59 | Queue | Villager (Male) |
| 18:05 | Queue | Villager (Male) |
| 18:06 | Queue | Skirmisher |
| 18:11 | Queue | Skirmisher |
| 18:15 | Queue | Villager (Male) |
| 18:46 | Build | Lumber Camp |
Build order — FNUL
First 150 of 525 actions detected
| 0:00 | Queue | Villager (Male) |
| 0:01 | Queue | Villager (Male) |
| 0:01 | Queue | Villager (Male) |
| 0:02 | Build | House |
| 0:03 | Build | House |
| 0:35 | Queue | Villager (Male) |
| 0:35 | Queue | Villager (Male) |
| 1:36 | Queue | Villager (Male) |
| 1:36 | Queue | Villager (Male) |
| 2:03 | Queue | Villager (Male) |
| 2:23 | Queue | Villager (Male) |
| 2:24 | Build | Lumber Camp |
| 2:52 | Queue | Villager (Male) |
| 3:08 | Queue | Villager (Male) |
| 3:08 | Queue | Villager (Male) |
| 3:39 | Queue | Villager (Male) |
| 3:51 | Build | House |
| 3:58 | Queue | Villager (Male) |
| 3:58 | Queue | Villager (Male) |
| 4:25 | Queue | Villager (Male) |
| 4:28 | Build | Mill |
| 4:40 | Queue | Villager (Male) |
| 4:52 | Queue | Villager (Male) |
| 5:10 | Queue | Villager (Male) |
| 6:06 | Queue | Villager (Male) |
| 6:16 | Build | Barracks |
| 6:19 | Queue | Villager (Male) |
| 6:27 | Research | Loom |
| 6:33 | Build | House |
| 6:55 | Queue | Villager (Male) |
| 7:15 | Research | Feudal Age |
| 7:32 | Build | House |
| 7:47 | Build | House |
| 7:51 | Queue | Militia |
| 7:51 | Queue | Militia |
| 7:52 | Queue | Militia |
| 8:28 | Build | Mining Camp |
| 9:00 | Queue | Militia |
| 9:17 | Build | Palisade Wall |
| 9:19 | Build | Palisade Wall |
| 9:36 | Queue | Villager (Male) |
| 9:40 | Age | Feudal Age |
| 9:47 | Research | Double-Bit Axe |
| 9:49 | Research | Man-at-Arms (upgrade) |
| 10:13 | Queue | Villager (Male) |
| 10:18 | Build | Archery Range |
| 10:28 | Queue | Villager (Male) |
| 10:50 | Queue | Villager (Male) |
| 11:05 | Build | Blacksmith |
| 11:16 | Queue | Archer |
| 11:17 | Queue | Archer |
| 11:27 | Queue | Villager (Male) |
| 11:29 | Build | Farm |
| 11:31 | Build | Farm |
| 11:37 | Build | House |
| 11:48 | Queue | Archer |
| 11:53 | Queue | Villager (Male) |
| 11:55 | Build | Farm |
| 11:59 | Build | House |
| 12:06 | Build | Palisade Wall |
| 12:08 | Build | Palisade Wall |
| 12:09 | Build | Palisade Wall |
| 12:14 | Queue | Villager (Male) |
| 12:16 | Queue | Archer |
| 12:24 | Build | Farm |
| 12:43 | Research | Padded Archer Armor |
| 12:43 | Research | Fletching |
| 12:43 | Research | Fletching |
| 12:51 | Build | House |
| 12:52 | Build | Palisade Wall |
| 12:53 | Queue | Villager (Male) |
| 13:10 | Queue | Villager (Male) |
| 13:12 | Build | Farm |
| 13:14 | Queue | Archer |
| 13:20 | Build | Farm |
| 13:41 | Queue | Villager (Male) |
| 13:43 | Build | House |
| 13:44 | Build | Palisade Wall |
| 13:47 | Build | Farm |
| 13:54 | Build | Farm |
| 13:57 | Build | Farm |
| 14:03 | Build | Palisade Wall |
| 14:06 | Queue | Archer |
| 14:08 | Queue | Villager (Male) |
| 14:23 | Queue | Villager (Male) |
| 14:31 | Build | House |
| 14:35 | Build | Palisade Wall |
| 14:36 | Build | Palisade Wall |
| 14:39 | Build | House |
| 14:41 | Build | Palisade Wall |
| 14:42 | Queue | Villager (Male) |
| 14:45 | Queue | Archer |
| 14:46 | Queue | Villager (Male) |
| 15:01 | Build | House |
| 15:01 | Build | Palisade Wall |
| 15:08 | Build | House |
| 15:13 | Build | Palisade Wall |
| 15:15 | Queue | Archer |
| 15:16 | Queue | Villager (Male) |
| 15:29 | Build | House |
| 15:40 | Build | Farm |
| 15:54 | Build | Farm |
| 15:54 | Queue | Villager (Male) |
| 15:58 | Build | Farm |
| 16:26 | Build | Farm |
| 16:36 | Build | Farm |
| 16:40 | Build | Farm |
| 16:43 | Build | Farm |
| 16:45 | Queue | Villager (Male) |
| 16:55 | Queue | Archer |
| 17:00 | Build | Palisade Wall |
| 17:37 | Research | Castle Age |
| 17:37 | Research | Castle Age |
| 17:59 | Build | Archery Range |
| 18:19 | Build | Lumber Camp |
| 18:38 | Queue | Archer |
| 18:38 | Queue | Archer |
| 18:41 | Research | Horse Collar |
| 18:42 | Research | Gold Mining |
| 18:42 | Research | Gold Mining |
| 18:43 | Research | Fletching |
| 19:27 | Research | Padded Archer Armor |
| 19:38 | Queue | Archer |
| 20:10 | Queue | Villager (Male) |
| 20:16 | Age | Castle Age |
| 20:17 | Build | House |
| 20:19 | Research | Crossbowman (upgrade) |
| 20:24 | Research | Bodkin Arrow |
| 20:25 | Research | Bodkin Arrow |
| 20:37 | Build | Town Center |
| 20:40 | Queue | Archer |
| 20:41 | Queue | Archer |
| 20:41 | Queue | Villager (Male) |
| 20:53 | Queue | Archer |
| 20:54 | Queue | Villager (Male) |
| 20:58 | Build | University |
| 21:00 | Queue | Villager (Male) |
| 21:06 | Queue | Archer |
| 21:28 | Queue | Villager (Male) |
| 21:42 | Research | Bow Saw |
| 21:42 | Research | Bow Saw |
| 21:45 | Queue | Archer |
| 21:45 | Queue | Archer |
| 22:11 | Build | Siege Workshop |
| 22:19 | Queue | Villager (Male) |
| 22:32 | Build | House |
| 22:34 | Queue | Villager (Male) |
| 22:35 | Queue | Archer |
| 22:35 | Queue | Archer |
| 22:36 | Queue | Archer |
Match timeline
| 5:44 | Saturno 1343 · first_building Barracks |
| 6:16 | FNUL · first_building Barracks |
| 8:28 | Saturno 1343 · wall_segment Palisade Wall x1 |
| 8:32 | Saturno 1343 · wall_segment Palisade Wall x1 |
| 8:38 | Saturno 1343 · wall_segment Palisade Wall x1 |
| 8:40 | Saturno 1343 · wall_segment Palisade Wall x1 |
| 8:40 | Saturno 1343 · wall_segment Palisade Wall x1 |
| 8:41 | Saturno 1343 · wall_segment Palisade Wall x1 |
| 8:41 | Saturno 1343 · wall_segment Palisade Wall x1 |
| 8:43 | Saturno 1343 · wall_segment Palisade Wall x1 |
| 8:45 | Saturno 1343 · wall_segment Palisade Wall x1 |
| 8:46 | Saturno 1343 · wall_segment Palisade Wall x1 |
| 8:50 | Saturno 1343 · wall_segment Palisade Wall x1 |
| 9:17 | FNUL · wall_segment Palisade Wall x1 |
| 9:19 | FNUL · wall_segment Palisade Wall x1 |
| 9:40 | Saturno 1343 · wall_segment Palisade Wall x2 |
| 9:40 | FNUL · age_up feudal |
| 10:18 | FNUL · first_building Archery Range |
| 11:04 | Saturno 1343 · first_building Archery Range |
| 11:07 | Saturno 1343 · wall_segment Palisade Wall x4 |
| 11:20 | Saturno 1343 · wall_segment Palisade Wall x6 |
| 11:39 | Saturno 1343 · wall_segment Palisade Wall x4 |
| 12:01 | Saturno 1343 · wall_segment Palisade Wall x3 |
| 12:06 | FNUL · wall_segment Palisade Wall x2 |
| 12:08 | FNUL · wall_segment Palisade Wall x1 |
| 12:09 | FNUL · wall_segment Palisade Wall x1 |
| 12:26 | Saturno 1343 · wall_segment Palisade Wall x5 |
| 12:52 | FNUL · wall_segment Palisade Wall x3 |
| 13:44 | FNUL · wall_segment Palisade Wall x3 |
| 13:46 | Saturno 1343 · wall_segment Palisade Wall x1 |
| 13:51 | Saturno 1343 · wall_segment Palisade Wall x7 |
| 14:03 | FNUL · wall_segment Palisade Wall x9 |
| 14:13 | Saturno 1343 · wall_segment Palisade Wall x6 |
| 14:17 | Saturno 1343 · wall_segment Palisade Wall x1 |
| 14:24 | Saturno 1343 · wall_segment Palisade Wall x1 |
| 14:35 | FNUL · wall_segment Palisade Wall x3 |
| 14:36 | FNUL · wall_segment Palisade Wall x4 |
| 14:41 | FNUL · wall_segment Palisade Wall x7 |
| 15:01 | FNUL · wall_segment Palisade Wall x1 |
| 15:10 | Saturno 1343 · wall_segment Palisade Wall x1 |
| 15:13 | FNUL · wall_segment Palisade Wall x6 |
| 17:00 | FNUL · wall_segment Palisade Wall x12 |
| 20:16 | FNUL · age_up castle |
| 20:19 | Saturno 1343 · wall_segment Palisade Wall x1 |
| 20:43 | Saturno 1343 · wall_segment Stone Wall x13 |
| 20:53 | Saturno 1343 · wall_segment Stone Wall x8 |
| 21:21 | Saturno 1343 · wall_segment Palisade Wall x1 |
| 22:11 | FNUL · first_building Siege Workshop |
| 23:07 | Saturno 1343 · first_market_buy 100 food |
| 24:51 | Saturno 1343 · wall_segment Stone Wall x4 |
| 24:53 | Saturno 1343 · wall_segment Stone Wall x5 |
| 25:04 | Saturno 1343 · first_building Siege Workshop |
| 25:06 | Saturno 1343 · wall_segment Stone Wall x3 |
| 31:17 | Saturno 1343 · first_building Monastery |
| 32:45 | FNUL · first_building Monastery |
| 32:57 | Saturno 1343 · first_market_sell 100 wood |
| 33:32 | FNUL · first_market_sell 100 wood |
| 34:44 | FNUL · first_building Castle |
| 36:48 | FNUL · age_up imperial |
| 38:09 | Saturno 1343 · first_building Castle |
| 39:16 | FNUL · first_market_buy 100 stone |
| 45:36 | Saturno 1343 · resign |
[ AI ANALYSIS · 1 CREDIT ]
What really happened in this match?
Wolo.gg analyzes every decision: build order, eco, micro, common mistakes by bracket. Personalized analysis on WhatsApp or Discord in 30 seconds.
Civ guide
Vietnamese
Perfil
Jugador #24977465